General information
- name: BNet
- type: Ladder 1vs1/FFA
- host: Battle.net
- saver: ZombieMachoMan
map: RoadToStratholme
- players: 2
- length: 85:49
- speed: Fast
- version: 1.26 W3XP
- replay type: Public
» download(251 KB)
Players
team 1 (loser)
IM)Batman (
red | 53 APM | 4537 actions | 85:45)
4 Demon Hunter
1 Mana Burn
1 Immolation
2 Evasion
3 Priestess of the Moon
1 Scout
2 Trueshot Aura
4 Beastmaster
2 Summon Bear
2 Summon Hawk
» actions
| Assign group hotkey | 12 | |
| Basic commands | 1 | |
| Build / train | 151 | |
| Enter build submenu | 64 | |
| Enter hero's abilities submenu | 10 | |
| Give item / drop item | 8 | |
| Remove unit from queue | 13 | |
| Right click | 2636 | |
| Select / deselect | 1358 | |
| Select group hotkey | 20 | |
| Use ability | 264 | |
4537 total
» units
| Wisp | 32 | |
| Druid of the Talon | 30 | |
| Hippogryph | 8 | |
| Chimaera | 21 | |
| Archer | 4 | |
95 total
» upgrades
| Druid of the Talon Training | 2 | |
| Strength of the Wild | 2 | |
| Reinforced Hides | 2 | |
| Nature's Blessing | 1 | |
| Improved Bows | 2 | |
| Hippogryph Taming | 1 | |
| Mark of the Talon | 1 | |
| Well Spring | 1 | |
| Corrosive Breath | 1 | |
13 total
» buildings
| Altar of Elders | 3 | |
| Moon Well | 24 | |
| Hunter's Hall | 1 | |
| Ancient of Wonders | 3 | |
| Ancient Protector | 12 | |
| Tree of Ages | 2 | |
| Tree of Eternity | 2 | |
| Ancient of Wind | 6 | |
| Chimaera Roost | 5 | |
| Ancient of War | 1 | |
| Tree of Life | 2 | |
61 total
» build order
00:11 Altar of Elders
00:14 Moon Well
01:18 Hunter's Hall
01:35 Ancient of Wonders
01:44 Moon Well
02:21 Moon Well
02:34 Ancient Protector
02:56 Moon Well
03:23 Moon Well
03:49 Tree of Ages
04:29 Ancient Protector
06:17 Tree of Eternity
06:22 Ancient of Wind
06:42 Moon Well
08:48 Chimaera Roost
08:51 Chimaera Roost
08:57 Chimaera Roost
10:18 Ancient of Wind
16:27 Ancient Protector
17:14 Ancient Protector
17:51 Ancient of War
19:58 Tree of Life
22:08 Ancient Protector
24:15 Ancient Protector
24:26 Ancient Protector
25:28 Ancient Protector
25:30 Ancient Protector
26:26 Ancient Protector
29:25 Ancient Protector
29:28 Ancient Protector
30:43 Moon Well
31:05 Moon Well
31:10 Moon Well
31:53 Moon Well
34:33 Moon Well
34:35 Moon Well
37:11 Ancient of Wind
37:15 Ancient of Wind
37:57 Ancient of Wind
38:27 Ancient of Wind
39:42 Altar of Elders
40:57 Tree of Life
41:37 Ancient of Wonders
44:59 Tree of Ages
47:21 Tree of Eternity
47:44 Ancient of Wonders
51:23 Chimaera Roost
55:23 Moon Well
56:05 Moon Well
56:11 Moon Well
58:58 Moon Well
60:00 Chimaera Roost
61:25 Moon Well
69:44 Moon Well
70:49 Moon Well
72:02 Moon Well
72:44 Moon Well
74:31 Moon Well
77:07 Moon Well
82:37 Moon Well
84:43 Altar of Elders
» items
| Dust of Appearance | 1 | |
| Boots of Speed | 1 | |
| Staff of Teleportation | 2 | |
| Staff of Preservation | 3 | |
| Potion of Healing | 5 | |
| Orb of Venom | 3 | |
| Potion of Lesser Invulnerability | 1 | |
| Moonstone | 1 | |
| Lesser Clarity Potion | 1 | |
18 total
team 2 (winner)
ZombieMachoMan (
purple | 69 APM | 5887 actions | 85:49)
10 Blademaster
3 Wind Walk
3 Critical Strike
1 Bladestorm
3 Mirror Image
» actions
| Assign group hotkey | 79 | |
| Basic commands | 183 | |
| Build / train | 157 | |
| ESC pressed | 1 | |
| Enter build submenu | 24 | |
| Enter hero's abilities submenu | 10 | |
| Give item / drop item | 34 | |
| Right click | 3570 | |
| Select / deselect | 913 | |
| Select group hotkey | 503 | |
| Use ability | 413 | |
5887 total
» units
| Peon | 14 | |
| Wind Rider | 5 | |
| Troll Batrider | 44 | |
63 total
» upgrades
| Ranged Weapons | 3 | |
| Reinforced Defenses | 1 | |
| Liquid Fire | 1 | |
| Envenomed Spears | 1 | |
| Armor | 1 | |
7 total
» buildings
| Altar of Storms | 1 | |
| Orc Burrow | 4 | |
| Voodoo Lounge | 2 | |
| War Mill | 1 | |
| Stronghold | 1 | |
| Watch Tower | 13 | |
| Beastiary | 3 | |
| Fortress | 1 | |
| Great Hall | 1 | |
27 total
» build order
00:05 Altar of Storms
00:18 Orc Burrow
00:51 Voodoo Lounge
01:18 Orc Burrow
01:46 War Mill
03:21 Stronghold
03:39 Watch Tower
03:43 Watch Tower
04:01 Watch Tower
04:20 Watch Tower
04:58 Orc Burrow
05:44 Beastiary
05:47 Beastiary
06:04 Watch Tower
06:07 Watch Tower
07:46 Orc Burrow
09:05 Fortress
12:28 Watch Tower
12:29 Watch Tower
12:30 Watch Tower
12:30 Watch Tower
12:43 Watch Tower
12:58 Watch Tower
14:09 Watch Tower
14:30 Great Hall
16:27 Beastiary
24:03 Voodoo Lounge
» items
| Lesser Clarity Potion | 32 | |
| Healing Salve | 13 | |
| Boots of Speed | 1 | |
| Orb of Lightning | 1 | |
| Periapt of Vitality | 2 | |
| Potion of Lesser Invulnerability | 2 | |
| Potion of Invisibility | 1 | |
| Scroll of Healing | 1 | |
| Potion of Healing | 11 | |
| Potion of Mana | 3 | |
67 total
Chat log
(00:34 / All) IM)Batman: long time no solo
(00:36 / All) IM)Batman: gl
(03:39 / All) IM)Batman: thats it ?
(05:44 / All) IM)Batman: thats it ?
(29:11 / All) IM)Batman: noobie leave plz
(34:54 / All) IM)Batman: noobie noob
(40:03 / All) IM)Batman: i win noobie
(41:54 / All) IM)Batman: 4 units LOL noobie
(42:30 / All) IM)Batman: game over leave
(43:10 / All) IM)Batman: nothing u can do noobie
(47:29 / All) IM)Batman: im tier 3 u lose LOL
(47:49 / All) IM)Batman: sorry noob
(57:46 / All) IM)Batman: game over
(57:52 / All) IM)Batman: noob
(60:08 / All) IM)Batman: retarded
(62:46 / All) IM)Batman: noobie
(62:57 / All) IM)Batman: learn ur fuckin lesson
(63:08 / All) IM)Batman: n get the fuck out
(63:15 / All) IM)Batman: hope u save this game
(68:21 / All) IM)Batman: ok asshole u lost now
(69:01 / All) IM)Batman: noob fuck
(73:53 / All) IM)Batman: LOL
(80:09 / All) IM)Batman: noob
(85:27 / All) ZombieMachoMan: LOL
(85:42 / All) IM)Batman: fuck noob i go
(85:44 / All) ZombieMachoMan: leave
(85:45 / All) ZombieMachoMan: you suck